 Dungeon Crawl Stone Soup version 0.28-a0-268-g3f656e82c2 (webtiles) character file.

Game seed: 14297344808973287110

58 ooooo the Conjurer (level 4, -1/27 HPs)
             Began as an Octopode Conjurer on Aug 28, 2021.
             Succumbed to Terence's poison
             ... on level 2 of the Dungeon.
             The game lasted 00:05:17 (2442 turns).

ooooo the Conjurer (Octopode Conjurer)              Turns: 2442, Time: 00:05:17

Health: -1/27      AC:  1    Str:  6    XL:     4   Next: 1%
Magic:  5/8        EV: 13    Int: 21    God:
Gold:   38         SH:  0    Dex: 10    Spells: 1/8 levels left

rFire   . . .      SeeInvis .   a - +0 dagger (protect)
rCold   . . .      Faith    .   (no shield)
rNeg    . . .      Spirit   .   (helmet restricted)
rPois   .          Reflect  .   (no amulet)
rElec   .          Harm     .   d - ring of willpower
rCorr   .          Rampage  .   (no ring)
Will    +....                   (no ring)
Stlth   +++.......              (no ring)
HPRegen 0.09/turn               (no ring)
MPRegen 0.11/turn               (no ring)
                                (no ring)
                                (no ring)

@: lethally poisoned (-1 -> -15)
A: almost no armour, amphibious, 8 rings, camouflage 1, gelatinous body 1,
(nimble swimmer 1), tentacles
a: no special abilities


You were on level 2 of the Dungeon.
You visited 1 branch of the dungeon, and saw 2 of its levels.

You collected 38 gold pieces.

Inventory:

Hand Weapons
 a - a +0 dagger of protection (weapon)
Jewellery
 d - a ring of willpower (left tentacle)
Scrolls
 b - a scroll of identify {unknown}
 c - a scroll of fear {unknown}


   Skills:
 - Level 2.0 Dodging
 - Level 2.6 Stealth
 - Level 2.7 Spellcasting
 + Level 5.0 Conjurations
 + Level 0.0 Hexes


You had one spell level left.
You knew the following spells:

 Your Spells              Type           Power      Damage    Failure   Level
a - Magic Dart            Conj           96%        1d7       1%          1
b - Searing Ray           Conj           48%        3d5       2%          2
c - Fulminant Prism       Conj/Hex       6%         3d7       43%         4

Your spell library contained the following spells:

 Spells                   Type           Power      Damage    Failure   Level
 Beastly Appendage        Tmut           4%         N/A       14%         1
 Conjure Flame            Conj/Fire      13%        6-21      14%         3
 Dazzling Flash           Conj/Hex       26%        N/A       14%         3
 Wereblood                Tmut           2%         N/A       21%         2
 Ignite Poison            Fire/Tmut/Pois 2%         N/A       38%         3
 Spider Form              Tmut/Pois      1%         N/A       38%         3
 Iskenderun's Mystic Bla  Conj/Tloc      13%        2d5       43%         4
 Sticky Flame             Conj/Fire      13%        2d4       43%         4
 Borgnjor's Revivificati  Necr           1%         N/A       100%        8
 Necromutation            Tmut/Necr      1%         N/A       100%        8
 Death's Door             Necr           1%         N/A       100%        9


Dungeon Overview and Level Annotations

Branches:
Dungeon (2/15)

Altars:
Xom

Annotations:
D:2 1 runed translucent door, Crazy Yiuf, Terence


Innate Abilities, Weirdness & Mutations

You cannot wear most types of armour.
You are amphibious.
You can wear up to eight rings at the same time.
Your skin changes colour to match your surroundings (Stealth+).
Your rubbery body absorbs attacks. (AC +1, EV +1)
((You are camouflaged near water. (Stealth+)))
You have tentacles for arms and can constrict up to eight enemies at once.


Message History

Casting: Searing Ray (safe; 2% risk of failure)
Confirm with . or Enter, or press ? or * to list all spells.
Aiming: Searing Ray (safe; 2% risk of failure)
Press: ? - help, Shift-Dir - straight line, f/p - Terence
Aim: Terence, wielding a +1 short sword of venom and wearing a +0 chain mail (heavily wounded, 85% to hit)
The searing ray hits Terence.
Terence is severely wounded. (Press . to maintain the ray.)
You feel sick. Terence completely misses you.
The searing ray hits Terence.
Terence is severely wounded.
You feel sick.
You are no longer poisoned.
Terence completely misses you.
The searing ray hits Terence.
Terence is almost dead.
Terence barely misses you.
The searing ray hits Terence.
Terence is almost dead.
You finish channeling your searing ray.
Terence closely misses you.
Casting: Searing Ray (safe; 2% risk of failure)
Confirm with . or Enter, or press ? or * to list all spells.
You don't have enough magic to cast this spell.
Unknown command.
You aren't carrying any items that you can evoke.
Unknown command.
You aren't carrying any potions.
Unknown command.
Terence says, "Did you write a will?
You should..."
There is an open door here.
You aren't carrying any items that you can evoke.
Unknown command.
Terence shouts, "Now you die!"
Terence says, "You're history."
An adder comes into view.
Terence says, "Don't bother to defend, it's pointless."
Terence hits you with a +1 short sword of venom.
* * * LOW HITPOINT WARNING * * *
You are lethally poisoned!
You die...

..##..#######...#
#.##..##.......<# #.
#..##.......####
#.##...+...........
#####..#...#.......####
...................#
..S.....@..........####
#.######.#..........#...
#......@............#.##
#..######.....รท.#####.#
# #.......# #.# #..
#.>#....# #.# ######
#..######....#.## #.#
.....# ##.......##.....#
#.# ###.##
#........'.###########'##
###.# #........#.#
.........# #.#.#
#......#.#.# .........#


You could see Terence.

Vanquished Creatures
  An adder (D:2)
  A worm (D:2)
  2 dart slugs (D:1)
  5 bats
  3 endoplasms
  A giant cockroach (D:1)
  4 goblins
  5 hobgoblins
  3 jackals (D:2)
  2 quokkas (D:1)
  2 ball pythons (D:1)
  A frilled lizard (D:1)
  4 kobolds
  5 rats
  A spectral hobgoblin (D:1)
40 creatures vanquished.

Notes
Turn   | Place    | Note
-------+----------+-------------------------------------------
     0 | D:1      | ooooo the Octopode Conjurer began the quest for the Orb.
     0 | D:1      | Reached XP level 1. HP: 11/11 MP: 3/3
   223 | D:1      | Reached XP level 2. HP: 14/17 MP: 0/5
   226 | D:1      | Learned a level 2 spell: Searing Ray
   634 | D:1      | Found a faded altar of an unknown god.
   811 | D:1      | Reached XP level 3. HP: 21/21 MP: 6/6
  1681 | D:2      | Found a runed translucent door.
  1682 | D:2      | Noticed Crazy Yiuf
  1849 | D:2      | Found a shimmering altar of Xom.
  2097 | D:2      | Reached skill level 5 in Conjurations
  2267 | D:2      | Reached XP level 4. HP: 27/27 MP: 2/8
  2373 | D:2      | Noticed Terence
  2380 | D:2      | Learned a level 4 spell: Fulminant Prism
  2442 | D:2      | Succumbed to Terence's poison

Illustrated notes

Levels and vault maps discovered:
D:1:      minmay_arrival_four_circles, layout_basic,
          dreamdust_ecumenical_altar_drowned_temple
D:2:      layout_basic, basic_altar, uniq_crazy_yiuf_cottage, uniq_terence

Skill      XL: |  1  2  3 |
---------------+----------+-----
Conjurations   | 5 |  5.0
Dodging        | |  2.0
Stealth        | |  2.6
Spellcasting   | |  2.7

Action                   |  1- 3 |  4- 6 || total
-------------------------+-------+-------++-------
Melee: Unarmed           |    11 |       ||    11
       Constrict         |    10 |       ||    10
       Tentacles         |     6 |       ||     6
       Dagger            |    28 |       ||    28
 Cast: Magic Dart        |    28 |       ||    28
       Searing Ray       |     9 |     2 ||    11
 Stab: Sleeping          |     6 |       ||     6
Armor: Skin              |     3 |       ||     3
Dodge: Dodged            |    28 |     4 ||    32

Table legend: (Time is in decaauts)
 A = Elapsed time spent in this place.
 B = Non-inter-level travel time spent in this place.
 C = Inter-level travel time spent in this place.
 D = Time resting spent in this place.
 E = Time spent auto-exploring this place.
 F = Levels seen in this place.
 G = Mean time per level.
                   A        B        C        D        E       F      G
               +--------+--------+--------+--------+--------+-----+--------+
         Total |   2440 |   2414 |     26 |    214 |   1838 |   2 | 1220.0 |
       Dungeon |   2440 |   2414 |     26 |    214 |   1838 |   2 | 1220.0 |
               +--------+--------+--------+--------+--------+-----+--------+

Top non-repeatable levels by time:
     D:1: 1362 daAuts
     D:2: 1078 daAuts
